 Dungeon Crawl Stone Soup version 0.29.1-1-gd02db6906a (console) character file.

Game seed: 15608019399559845748

168 om the Chopper (level 5, 0/46 HPs)
             Began as a Minotaur Fighter on Oct 18, 2022.
             Slain by a gnoll
             ... wielding a +0 halberd
              (2 damage)
             ... on level 3 of the Dungeon.
             The game lasted 00:02:54 (1954 turns).

om the Chopper (Minotaur Fighter)                   Turns: 1954, Time: 00:02:54

Health: 0/46       AC:  7    Str: 20 (22) XL:     5   Next: 23%
Magic:  4/4        EV:  9    Int:  4 (5)  God:
Gold:   112        SH:  4    Dex:  7 (10) Spells: 4/4 levels left

rFire   . . .      SeeInvis .   a - +0 war axe
rCold   . . .      Faith    .   c - +0 buckler
rNeg    . . .      Spirit   .   b - +0 scale mail
rPois   .          Reflect  .   (helmet restricted)
rElec   .          Harm     .   (no cloak)
rCorr   .          Rampage  .   (no gloves)
Will    .....                   (no boots)
Stlth   ..........              (no amulet)
HPRegen 0.15/turn               (no ring)
MPRegen 0.09/turn               (no ring)

@: brilliant
A: horns 2, retaliatory headbutt
a: no special abilities


You were on level 3 of the Dungeon.
You visited 1 branch of the dungeon, and saw 3 of its levels.

You collected 112 gold pieces.

Inventory:

Hand Weapons
 a - a +0 war axe (weapon)
Armour
 b - a +0 scale mail (worn)
 c - a +0 buckler (worn)
Wands
 o - a wand of roots (6)
Scrolls
 e - a scroll of identify
 g - a scroll of magic mapping {unknown}
 h - 2 scrolls of vulnerability
 k - a scroll of torment {unknown}
 l - a scroll of enchant armour {unknown}
 n - a scroll of fear {unknown}
Potions
 d - 3 potions of might
 f - 2 potions of brilliance
 j - a potion of haste {unknown}
 m - a potion of heal wounds {unknown}


   Skills:
 - Level 4.0 Fighting
 * Level 6.0 Axes
 - Level 4.0 Armour
 - Level 4.0 Shields


You had 4 spell levels left.
You didn't know any spells.
Your spell library contained the following spells:

 Spells                   Type           Power      Damage    Failure   Level
 Summon Small Mammal      Summ           0%         N/A       91%         1
 Call Canine Familiar     Summ           0%         N/A       99%         3
 Frozen Ramparts          Ice            0%         1d1       99%         3
 Summon Guardian Golem    Hex/Summ       0%         N/A       99%         3
 Ice Form                 Ice/Tmut       0%         N/A       100%        4
 Summon Ice Beast         Ice/Summ       0%         N/A       100%        4


Dungeon Overview and Level Annotations

Branches:
Dungeon (3/15)

Altars:
Ru

Annotations:
D:3 2 transporters, lonewolfV2's ghost, amateur DsFi


Innate Abilities, Weirdness & Mutations

You have a pair of horns on your head.
You reflexively headbutt those who attack you in melee.


Message History

The gnoll shouts!
A gnoll comes into view. It is wielding a +0 spear.
A gnoll comes into view. It is wielding a +0 club.
The gnoll shouts! x2
The gnoll hits you with a +0 halberd.
You hit the gnoll but do no damage. Your headbutt misses the gnoll.
The gnoll hits you from afar with a +0 spear.
You slash the gnoll!
You headbutt the gnoll, but do no damage.
The gnoll is severely wounded.
The gnoll hits you but does no damage.
The gnoll hits you from afar with a +0 spear.
The gnoll hits you with a +0 halberd!
The gnoll hits you with a +0 spear. x2; The gnoll hits you with a +0 halberd!
* * * LOW HITPOINT WARNING * * *
The gnoll hits you with a +0 club.
* * * LOW HITPOINT WARNING * * *
You are too injured to fight recklessly!
Okay, then.
As you read the scroll labelled EVUIXI FONIACIU, it crumbles to dust.
It is a scroll of identify.
h - 2 scrolls of vulnerability The gnoll hits you with a +0 spear.
* * * LOW HITPOINT WARNING * * *
The gnoll hits you with a +0 spear.
* * * LOW HITPOINT WARNING * * *
The gnoll barely misses you. The gnoll misses you.
Okay, then.
It was a potion of brilliance.
You feel clever all of a sudden. The gnoll closely misses you.
The gnoll barely misses you. The gnoll hits you with a +0 halberd!
* * * LOW HITPOINT WARNING * * *
The gnoll hits you but does no damage.
It was a potion of degeneration.
There was something very wrong with that liquid.
You feel weakened.
You feel dopey.
You feel clumsy. The gnoll barely misses you. You furiously retaliate!
You headbutt the gnoll! You block the gnoll's attack.
The gnoll hits you with a +0 halberd.
You die...

#.................
#..#############..
#..#©.... #..
#..#...[. ZZ#..
#..#..### #..#..
#..#ZZ#8# 8#..#..
##..#.....
....?#..
#..g#W....
....!#©.
#.@.#z.... .. $#..
#ggg#..#8# #. #..
#...#..# #
###.Z#.. #...#....
....Z#..
#...#..... ....#..
#...###### # ###..
#.... ...... #....
....... #.#####


You could see a wight, lonewolfV2's ghost, 4 gnolls, a wyvern zombie and a water
moccasin skeleton.

Vanquished Creatures
  Natasha (thrice) (D:2)
  4 adders (D:2)
  2 worms
  2 dart slugs
  4 ball pythons
  4 endoplasms
  A giant cockroach (D:3)
  5 goblins
  2 hobgoblins
  4 quokkas
  7 bats
  5 frilled lizards
  4 kobolds
  4 rats
51 creatures vanquished.

Notes
Turn   | Place    | Note
-------+----------+-------------------------------------------
     0 | D:1      | om the Minotaur Fighter began the quest for the Orb.
     0 | D:1      | Reached XP level 1. HP: 19/19 MP: 0/0
   227 | D:1      | Reached XP level 2. HP: 27/27 MP: 1/1
   368 | D:1      | Reached skill level 3 in Axes
   633 | D:2      | Reached XP level 3. HP: 29/33 MP: 2/2
   790 | D:2      | Found a sacrificial altar of Ru.
   842 | D:2      | Reached skill level 4 in Axes
   903 | D:2      | Reached XP level 4. HP: 21/40 MP: 3/3
  1096 | D:2      | Noticed Natasha
  1104 | D:2      | Killed Natasha
  1169 | D:2      | Reached skill level 5 in Axes
  1341 | D:2      | Noticed Natasha
  1347 | D:2      | Killed Natasha
  1441 | D:2      | Noticed Natasha
  1443 | D:2      | Killed Natasha
  1444 | D:2      | Reached XP level 5. HP: 46/46 MP: 4/4
  1726 | D:3      | Reached skill level 6 in Axes
  1939 | D:3      | Found a transporter.
  1943 | D:3      | Noticed lonewolfV2's ghost (amateur DsFi)
  1944 | D:3      | Found a transporter.
  1953 | D:3      | HP: 2/46 [gnoll/+0 halberd (7)]
  1954 | D:3      | Slain by a gnoll

Illustrated notes

Levels and vault maps discovered:
D:1:      wander_arrival_estate, layout_rooms
D:2:      layout_loops_ring, basic_altar, uniq_natasha
D:3:      layout_rooms, serial_bayou, serial_bayou_shore_a,
          serial_bayou_crossing, serial_bayou_pond_d, serial_bayou_pond_b,
          gammafunk_ghost_mausoleum

Skill      XL: |  1  2  3  4  5 |
---------------+----------------+-----
Axes           | 3 4 5 6 |  6.0
Fighting       | 4 |  4.0
Shields        | 4 |  4.0
Armour         | 4 |  4.0

Action                   |  1- 3 |  4- 6 || total
-------------------------+-------+-------++-------
Melee: War axe           |    67 |    56 ||   123
       Headbutt          |    10 |     6 ||    16
  Use: Potion            |       |     2 ||     2
       Scroll            |       |     1 ||     1
Armor: Scale mail        |    46 |    27 ||    73
Dodge: Dodged            |    25 |    27 ||    52
Block: Buckler           |    24 |     5 ||    29
